 Dungeon Crawl Stone Soup version 0.20.1-1-g8b1a95d (webtiles) character file.

94768 Glalom the Severer (level 15, -1/134 HPs)
             Began as a Minotaur Fighter on Nov 8, 2017.
             Was a High Priest of Okawaru.
             Killed by divine providence
             ... invoked by a meliai
              (13 damage)
             ... on level 14 of the Dungeon.
             The game lasted 01:04:49 (26129 turns).

Glalom the Severer (Minotaur Fighter)              Turns: 26129, Time: 01:04:50

Health: -1/134     AC: 24    Str: 27    XL:     15   Next: 64%
Magic:  22/22      EV:  8    Int:  5    God:    Okawaru [*****.]
Gold:   2698       SH: 15    Dex: 15    Spells: 14/14 levels left

rFire    + . .     SeeInvis .   D - +10 broad axe of Adyiqit {chop, rF+}
rCold    + + .     Gourm    .   O - +2 shield {AC+3}
rNeg     + . .     Faith    .   T - +1 chain mail of Paranoia {rC++ rN+ MR+}
rPois    .         Spirit   .   Y - +2 hat {MR+}
rElec    .         Reflect  .   q - +0 cloak
rCorr    .         Harm     .   l - +0 pair of gloves
MR       +++..                  S - +1 pair of boots
Stlth    ..........             K - amulet of rage
Regen    0.4/turn               R - +1 ring of slaying
MPRegen  0.2/turn               y - +5 ring of strength

@: no status effects
A: retaliatory headbutt, horns 2
a: Heroism, Finesse, Renounce Religion, Evoke Berserk Rage


You were on level 14 of the Dungeon.
You worshipped Okawaru.
Okawaru was extremely pleased with you.
You were not hungry.

You visited 3 branches of the dungeon, and saw 22 of its levels.
You also visited: Bailey.

You collected 2698 gold pieces.

Inventory:

Hand Weapons
 B - the +8 whip "Snakebite" {curare, rPois}
   (You found it on level 2 of the Lair of Beasts)

   It poisons the flesh of those it strikes.
   It protects you from poison.
 D - the +10 broad axe of Adyiqit (weapon) {chop, rF+}
   (You found it on level 2 of the Lair of Beasts)

   It inflicts extra damage upon your enemies.
   It protects you from fire.
 X - a +0 scimitar of flaming
Missiles
 U - 2 javelins of returning (quivered)
Armour
 l - a +0 pair of gloves (worn)
 q - a +0 cloak (worn)
 O - a +2 shield of protection (worn)
 S - a +1 pair of boots (worn)
 T - the +1 chain mail of Paranoia (worn) {rC++ rN+ MR+}
   (You found it on level 5 of the Lair of Beasts)

   It greatly protects you from cold.
   It protects you from negative energy.
   It affects your resistance to hostile enchantments.
 Y - a +2 hat of magic resistance (worn)
Jewellery
 v - an uncursed ring of resist corrosion {unknown}
 y - a +5 ring of strength (right hand)
 K - an amulet of rage (around neck)
 R - a +1 ring of slaying (left hand)
Wands
 z - a wand of random effects (21/48)
 C - a wand of acid (8/15)
 F - a wand of scattershot (3/9)
 L - a wand of lightning (3/15)
 Q - a wand of disintegration (13/24)
 V - a wand of digging (12/24)
Scrolls
 c - 3 scrolls of magic mapping
 i - a scroll of vulnerability {unknown}
 j - 3 scrolls of enchant armour
 k - a scroll of fog
 m - 2 scrolls of enchant weapon
 p - 9 scrolls of remove curse
 r - 3 scrolls of amnesia
 t - a scroll of fear
 x - 4 scrolls of recharging
 E - 8 scrolls of teleportation
 J - a scroll of blinking
 W - 2 scrolls of identify
Potions
 d - 2 potions of might
 e - 6 potions of brilliance
 g - 3 potions of resistance
 h - a potion of cancellation {unknown}
 n - 7 potions of curing
 w - 5 potions of flight
 A - 5 potions of haste
 H - 4 potions of lignification {unknown}
 I - 4 potions of magic
 M - a potion of mutation {unknown}
 N - 5 potions of ambrosia
 P - a potion of blood
 Z - a potion of berserk rage {unknown}
Miscellaneous
 a - a phial of floods
 b - a lightning rod (4/4)
 o - a sack of spiders
Comestibles
 f - 9 fruits
 s - 5 chunks of flesh
 u - 10 royal jellies


   Skills:
 + Level 12.4 Fighting
 - Level 18.6 Axes
 + Level 13.4 Armour
 - Level 10.7 Shields
 + Level 10.1 Invocations
 - Level 11.2 Evocations


You had 14 spell levels left.
You didn't know any spells.

Dungeon Overview and Level Annotations

Branches:
Dungeon (14/15)            Temple (0/1) D:6            Lair (6/6) D:11
 Shoals (0/4) Lair:4       Spider (0/4) Lair:3        Slime (0/5) Lair:5
    Orc (2/2) D:12            Elf (0/3) Orc:2        Vaults (0/5) D:13

Altars:
Elyvilon
Fedhas
Gozag
Hepliaklqana
Kikubaaqudgha
Nemelex Xobeh
Okawaru
Qazlal
Uskayaw
Vehumet
Yredelemnul
Zin
The Shining One
Beogh
Jiyva

Shops:
D:7 [=   Orc:1 [   Orc:2 **([

Annotations:
Lair:2 1 exclusion


Innate Abilities, Weirdness & Mutations

You reflexively headbutt those who attack you in melee.
You have a pair of horns on your head.


Message History

You block the meliai's attack. The meliai stings you.
* * * LOW HITPOINT WARNING * * *
The meliai invokes the aid of its god against you.
Something smites you!
* * * LOW HITPOINT WARNING * * *
You block the meliai's attack. The meliai stings you.
* * * LOW HITPOINT WARNING * * *
Okay, then.
You feel much better. The meliai completely misses you.
You furiously retaliate!
You headbutt the meliai. You block the meliai's attack.
The tengu warrior hits you with a war axe of chopping.
* * * LOW HITPOINT WARNING * * *
x2 You block the tengu warrior's attack. x2
The meliai mumbles some strange prayers to its god against you.
Something smites you!
* * * LOW HITPOINT WARNING * * *
The meliai calls down the wrath of its god upon you.
Something smites you!
You die...

## .#######
......# .....#
....# #y..# ###
##y.# ##.##
##QQ## #...##
##@y## ###....#
##..## .......##
##..##
........##
##..##
..#......###..##
#)#.###......##
..#............#
.....#......##.#
.###.#.###...#.#


You could see 2 tengu warriors and 3 meliai.

Vanquished Creatures
  An acid blob (Lair:5)
  Gastronok (D:11)
  Donald (Orc:2)
  Kirke (Lair:5)
  2 orc warlords (Orc:2)
  Josephine (Orc:2)
  Snorg (D:13)
  Erolcha (Orc:1)
  A fire dragon (Lair:6)
  A great orb of eyes (D:14)
  2 vault guards (D:13)
  2 catoblepae
  7 hydras
  Erica (D:11)
  A centaur warrior (D:13)
  A queen ant (Lair:2)
  4 two-headed ogres
  Urug (D:11)
  2 orc high priests (Orc:2)
  A deep elf knight (Orc:2)
  Sonja (Orc:2)
  3 unseen horrors
  A wizard (D:13)
  A swamp dragon (Lair:6)
  Pikel (D:8)
  4 necromancers (D:13)
  2 orc knights (Orc:2)
  6 ugly things
  The ghost of Zeege the Chiller, a novice DrIE of Nemelex Xobeh (D:6)
  A deep elf mage (D:12)
  4 orc sorcerers (Orc:2)
  A manticore (D:14)
  7 oklob plants
  4 cyclopes
  Maurice (D:9)
  9 elephants
  7 black mambas
  8 spiny frogs
  A torpor snail (Lair:6)
  A gargoyle (D:13)
  9 komodo dragons
  A rime drake (Lair:5)
  A yaktaur (D:14)
  A hornet (D:9)
  2 polar bears
  4 trolls
  A meliai (D:14)
  Prince Ribbit (D:6)
  A hornet (shapeshifter) (D:14)
  8 slime creatures
  5 blink frogs (Lair:6)
  8 dream sheep
  12 hippogriffs
  A centaur simulacrum (D:14)
  3 hogs (Lair:5)
  2 wyverns
  6 wraiths
  53 yaks
  A water elemental (D:13)
  17 humans (D:13)
  A vampire (D:14)
  5 basilisks
  2 vampire mosquitoes (D:13)
  A steam dragon (Lair:6)
  2 hungry ghosts
  Edmund (D:5)
  4 swamp worms (Lair:3)
  3 wargs (Orc:2)
  4 soldier ants (Lair:2)
  5 acid dragons
  12 porcupines
  Duvessa (D:7)
  20 water moccasins
  A swamp drake (Lair:6)
  4 ice beasts
  2 black bears
  35 orc warriors
  3 sky beasts
  2 slaves (D:8)
  A centaur (shapeshifter) (D:8)
  13 wolves
  13 ogres
  4 phantoms
  8 centaurs
  11 crocodiles
  7 big kobolds
  A gnoll sergeant (D:5)
  15 bullfrogs
  Dowan (D:7)
  4 scorpions
  A wyvern skeleton (D:13)
  15 killer bees
  5 wights (D:7)
  4 howler monkeys
  9 electric eels
  5 jellies
  A quasit (D:7)
  8 crimson imps
  2 bullfrog skeletons
  A gnoll shaman (D:5)
  4 hounds
  25 orc priests
  Crazy Yiuf (D:3)
  21 orc wizards
  A centaur skeleton (D:9)
  Terence (D:2)
  7 iguanas
  37 worker ants
  A hound zombie (D:7)
  A howler monkey zombie (D:6)
  A howler monkey skeleton (D:6)
  16 adders
  8 gnolls (D:5)
  A shadow imp (D:14)
  3 oozes
  3 adder zombies
  2 adder skeletons
  19 worms
  5 leopard geckos
  117 orcs
  6 bats
  5 giant cockroaches
  2 gnoll zombies (D:2)
  6 hobgoblins
  22 jackals
  2 quokkas
  2 ball pythons (D:2)
  7 frilled lizards
  16 goblins
  A jackal skeleton (D:5)
  A jackal zombie (D:6)
  40 kobolds
  A leopard gecko skeleton (D:4)
  A leopard gecko zombie (D:6)
  5 rats
  A bush (Lair:5)
  A butterfly (Lair:5)
  4 fungi
  8 plants
876 creatures vanquished.

Vanquished Creatures (others)
  A human (Lair:5)
  A water moccasin (Lair:5)
  2 slaves (D:8)
  An orc (Orc:2)
  A quokka (D:10)
  3 fungi (Lair:5)
  10 plants
19 creatures vanquished.

Grand Total: 895 creatures vanquished

Notes
Turn   | Place    | Note
-------+----------+-------------------------------------------
     0 | D:1      | Glalom the Minotaur Fighter began the quest for the Orb.
     0 | D:1      | Reached XP level 1. HP: 19/19 MP: 0/0
   292 | D:1      | Reached XP level 2. HP: 27/27 MP: 1/1
   395 | D:1      | Reached skill level 3 in Axes
   912 | D:2      | Reached XP level 3. HP: 26/33 MP: 2/2
  1285 | D:2      | Found a basalt altar of Yredelemnul.
  1641 | D:2      | Found a hazy altar of Hepliaklqana.
  1677 | D:2      | Noticed Terence
  1685 | D:2      | Killed Terence
  1685 | D:2      | Reached XP level 4. HP: 27/41 MP: 3/3
  1747 | D:2      | Reached skill level 4 in Axes
  1800 | D:2      | Found a faded altar of an unknown god.
  2212 | D:3      | Found a runed door.
  2250 | D:3      | Noticed Crazy Yiuf
  2257 | D:3      | Killed Crazy Yiuf
  2257 | D:3      | Reached XP level 5. HP: 27/47 MP: 4/4
  2480 | D:3      | Found an iron altar of Okawaru.
  2502 | D:3      | Became a worshipper of Warmaster Okawaru
  3025 | D:4      | Reached skill level 5 in Fighting
  3026 | D:4      | Reached skill level 5 in Axes
  3036 | D:4      | Found a sparkling altar of Nemelex Xobeh.
  3042 | D:4      | Reached skill level 5 in Armour
  3224 | D:4      | Got a transparent leather armour
  3225 | D:4      | Identified the cursed +1 leather armour of Compression {rCorr} (You found it on level 4 of the Dungeon)
  3301 | D:4      | Reached XP level 6. HP: 52/56 MP: 5/5
  3380 | D:4      | Found a white marble altar of Elyvilon.
  3381 | D:4      | Found a glowing silver altar of Zin.
  3382 | D:4      | Found a glowing golden altar of the Shining One.
  3784 | D:5      | Entered Level 5 of the Dungeon
  3801 | D:5      | Reached skill level 6 in Axes
  3921 | D:5      | Noticed Edmund
  3926 | D:5      | Killed Edmund
  3926 | D:5      | Reached * piety under Okawaru
  3926 | D:5      | Reached skill level 7 in Axes
  3926 | D:5      | Reached XP level 7. HP: 59/61 MP: 6/6
  4219 | D:5      | Reached skill level 8 in Axes
  4468 | D:5      | Reached skill level 9 in Axes
  4468 | D:5      | Reached XP level 8. HP: 20/68 MP: 5/7
  5043 | D:6      | Reached ** piety under Okawaru
  5044 | D:6      | Found an ancient bone altar of Kikubaaqudgha.
  5045 | D:6      | Found a hide-covered altar of Uskayaw.
  5066 | D:6      | Found an opulent altar of Gozag.
  5118 | D:6      | Noticed Prince Ribbit
  5127 | D:6      | Killed Prince Ribbit
  5300 | D:6      | Found a staircase to the Ecumenical Temple.
  5384 | D:6      | Noticed Zeege's ghost (novice DrIE)
  5407 | D:6      | Killed Zeege's ghost
  5407 | D:6      | Reached skill level 10 in Axes
  5953 | D:7      | Reached skill level 11 in Axes
  6099 | D:7      | Reached XP level 9. HP: 60/74 MP: 8/8
  6372 | D:7      | Noticed Dowan
  6373 | D:7      | Noticed Duvessa
  6387 | D:7      | Killed Dowan
  6391 | D:7      | Killed Duvessa
  6570 | D:7      | Reached *** piety under Okawaru
  6575 | D:7      | Reached skill level 12 in Axes
  6674 | D:7      | Found Etzadoupn's Armour Shoppe.
  7064 | D:7      | Found Maesik's Jewellery Shop.
  7103 | D:8      | Noticed a two-headed ogre
  7118 | D:8      | Killed a two-headed ogre
  7118 | D:8      | Received a gift from Okawaru
  7118 | D:8      | Reached **** piety under Okawaru
  7118 | D:8      | Reached skill level 13 in Axes
  7121 | D:8      | Reached skill level 10 in Armour
  7133 | D:8      | Noticed Pikel
  7148 | D:8      | Killed Pikel
  7148 | D:8      | Reached skill level 5 in Shields
  7148 | D:8      | Reached XP level 10. HP: 68/81 MP: 6/9
  7631 | D:8      | Noticed a three-headed hydra
  7985 | D:8      | Reached skill level 14 in Axes
  8540 | D:8      | Found a large runed door.
  8541 | D:8      | Found a large runed door.
  8543 | D:8      | Noticed a two-headed ogre
  8548 | D:8      | Reached ***** piety under Okawaru
  8549 | D:8      | Noticed a cyclops
  8553 | D:8      | Found a blossoming altar of Fedhas.
  8560 | D:8      | Killed a cyclops
  8562 | D:8      | Killed a two-headed ogre
  8562 | D:8      | Reached skill level 15 in Axes
  8792 | D:8      | Found a glowing silver altar of Zin.
  8968 | D:8      | HP: 2/81 [six-headed hydra (3)]
  8974 | D:8      | HP: 2/81 [six-headed hydra (11)]
  9458 | D:9      | Reached XP level 11. HP: 88/88 MP: 10/10
  9567 | D:9      | Noticed Maurice
  9569 | D:9      | Found a stormy altar of Qazlal.
  9647 | D:9      | Noticed a two-headed ogre
  9666 | D:9      | Killed a two-headed ogre
  9666 | D:9      | Received a gift from Okawaru
 10000 | D:9      | Found a sparkling altar of Nemelex Xobeh.
 10760 | D:9      | Killed Maurice
 11098 | D:9      | Reached skill level 16 in Axes
 11149 | D:10     | Entered Level 10 of the Dungeon
 11328 | D:10     | Reached skill level 1 in Invocations
 11546 | D:10     | Reached skill level 1 in Evocations
 11582 | D:10     | Killed an unseen horror
 11897 | D:11     | Noticed Urug
 11912 | D:11     | Killed Urug
 11913 | D:11     | Noticed Erica
 11915 | D:11     | Noticed a green ugly thing
 11934 | D:11     | Killed Erica
 11934 | D:11     | Received a gift from Okawaru
 11939 | D:11     | Killed a green ugly thing
 11994 | D:11     | Noticed Gastronok
 12004 | D:11     | Killed Gastronok
 12004 | D:11     | Reached ****** piety under Okawaru
 12146 | D:11     | Found a flagged portal.
 12159 | Bailey   | Entered a bailey
 12547 | D:11     | Noticed an oklob plant
 12560 | D:11     | Found a staircase to the Lair.
 12560 | D:11     | Noticed an oklob plant
 12568 | D:11     | Killed an oklob plant
 12568 | D:11     | Reached XP level 12. HP: 84/101 MP: 6/14
 12633 | D:11     | Received a gift from Okawaru
 12634 | D:11     | Got an encrusted scale mail {god gift}
 12635 | D:11     | Identified the +0 scale mail of the Slightly Bent {rN+ rCorr Dex+3} (Okawaru gifted it to you on level 11 of the Dungeon)
 12815 | D:11     | Reached skill level 5 in Invocations
 13075 | Lair:1   | Entered Level 1 of the Lair of Beasts
 13155 | Lair:1   | Noticed a five-headed hydra
 13172 | Lair:1   | Killed a one-headed hydra
 13173 | Lair:1   | Reached skill level 5 in Evocations
 14688 | Lair:2   | Reached skill level 10 in Fighting
 14865 | Lair:2   | Received a gift from Okawaru
 14892 | Lair:2   | Got a smoking broad axe
 14893 | Lair:2   | Identified the +10 broad axe of Adyiqit {chop, rF+} (You found it on level 2 of the Lair of Beasts)
 14896 | Lair:2   | Got a slimy robe {god gift}
 14897 | Lair:2   | Identified the +2 robe of Impatience {Int+2} (Okawaru gifted it to you on level 2 of the Lair of Beasts)
 15443 | Lair:2   | Noticed a queen ant
 15460 | Lair:2   | Reached XP level 13. HP: 101/114 MP: 10/18
 16487 | Lair:3   | Found a hole to the Spider Nest.
 17402 | Lair:4   | Found a staircase to the Shoals.
 17893 | Lair:5   | Received a gift from Okawaru
 17925 | Lair:5   | Reached skill level 17 in Axes
 18363 | Lair:5   | Noticed Kirke
 18373 | Lair:5   | Noticed a sphinx
 18376 | Lair:5   | Killed Kirke
 18460 | Lair:5   | Noticed an acid blob
 18471 | Lair:5   | HP: 4/115 [acid (12)]
 18473 | Lair:5   | Killed an acid blob
 18473 | Lair:5   | Reached XP level 14. HP: 29/122 MP: 12/20
 18890 | Lair:5   | Found a viscous altar of Jiyva.
 18891 | Lair:5   | Found a staircase to the Slime Pits.
 19965 | Lair:5   | Got a smoking chain mail
 19966 | Lair:5   | Identified the +1 chain mail of Paranoia {rC++ rN+ MR+} (You found it on level 5 of the Lair of Beasts)
 20002 | Lair:5   | Reached skill level 10 in Evocations
 20076 | Lair:6   | Entered Level 6 of the Lair of Beasts
 20597 | Lair:6   | Received a gift from Okawaru
 21025 | Lair:6   | Reached skill level 18 in Axes
 21035 | Lair:6   | HP: 4/122 [poison (poison gas)]
 21932 | D:12     | Found a staircase to the Orcish Mines.
 21941 | D:12     | Found a roughly hewn altar of Beogh.
 22582 | Orc:1    | Entered Level 1 of the Orcish Mines
 22582 | Orc:1    | Found Cocyabem's Armour Emporium.
 22733 | Orc:1    | Noticed Erolcha
 22741 | Orc:1    | Killed Erolcha
 22788 | Orc:1    | Found a radiant altar of Vehumet.
 23007 | Orc:2    | Entered Level 2 of the Orcish Mines
 23007 | Orc:2    | Found a staircase to the Elven Halls.
 23110 | Orc:2    | Noticed Donald
 23119 | Orc:2    | Killed Donald
 23296 | Orc:2    | Noticed an orc warlord
 23318 | Orc:2    | Killed an orc warlord
 23414 | Orc:2    | Received a gift from Okawaru
 23474 | Orc:2    | Found a roughly hewn altar of Beogh.
 23475 | Orc:2    | Found Lukim's General Store.
 23518 | Orc:2    | Found a roughly hewn altar of Beogh.
 23585 | Orc:2    | Noticed an orc warlord
 23596 | Orc:2    | Reached skill level 10 in Shields
 23600 | Orc:2    | Found Dutei's Antique Armour Boutique.
 23601 | Orc:2    | Found a roughly hewn altar of Beogh.
 23608 | Orc:2    | Killed an orc warlord
 23608 | Orc:2    | Reached XP level 15. HP: 83/129 MP: 12/22
 23659 | Orc:2    | Found Honkia's Antique Weapon Shop.
 23757 | Orc:2    | Noticed Sonja
 23770 | Orc:2    | Killed Sonja
 23793 | Orc:2    | Noticed Josephine
 23803 | Orc:2    | Killed Josephine
 24055 | Orc:2    | Found a roughly hewn altar of Beogh.
 24132 | Orc:2    | Found a roughly hewn altar of Beogh.
 24142 | Orc:2    | Found Maif's Assorted Antiques.
 25144 | D:13     | Got a smoking emerald amulet
 25174 | D:13     | Noticed Snorg
 25187 | D:13     | Killed Snorg
 25547 | D:13     | Found a gate to the Vaults.
 25838 | D:14     | Received a gift from Okawaru
 25838 | D:14     | Reached skill level 10 in Invocations
 25923 | D:14     | Identified the amulet "Koxzoc" {Spirit Str+3} (You found it on level 13 of the Dungeon)
 26128 | D:14     | HP: 5/134 [meliai/hand axe (5)]
 26129 | D:14     | Killed from afar by a meliai

Skill      XL: |  1  2  3  4  5  6  7  8  9 10 11 12 13 14 15 |
---------------+----------------------------------------------+-----
Fighting       | 4 5 7 10 11 12 | 12.4
Armour         | 4 5 6 8 10 11 12 13 | 13.4
Axes           | 3 4 5 7 9 11 13 15 16 17 18 | 18.6
Shields        | 5 6 10 | 10.7
Invocations    | 4 8 10 | 10.1
Evocations     | 4 7 9 11 | 11.2

Action                   |  1- 3 |  4- 6 |  7- 9 | 10-12 | 13-15 || total
-------------------------+-------+-------+-------+-------+-------++-------
Melee: War axe           |    84 |   154 |   252 |   497 |       ||   987
       Headbutt          |    11 |    29 |    40 |   110 |   202 ||   392
       Punch             |       |       |     1 |       |       ||     1
       Whip              |       |       |       |    37 |    40 ||    77
       Broad axe         |       |       |       |    28 |   846 ||   874
       Scimitar          |       |       |       |     7 |    33 ||    40
Throw: Javelin           |       |       |       |     5 |       ||     5
Invok: Heroism           |       |       |    10 |    14 |    29 ||    53
       Finesse           |       |       |       |     9 |    25 ||    34
 Abil: Evoke Berserk Rag |       |       |       |       |     4 ||     4
Evoke: Wand              |       |       |       |     5 |       ||     5
  Use: Scroll            |       |     2 |       |    19 |    10 ||    31
       Potion            |       |       |       |     6 |     3 ||     9
  Eat: Chunk             |     2 |     8 |    10 |    18 |    34 ||    72
       Bread ration      |       |       |       |     1 |     1 ||     2
       Meat ration       |       |       |       |     1 |       ||     1
Armor: Scale mail        |    46 |     3 |       |       |       ||    49
       Plate armour      |       |   102 |   129 |   353 |   206 ||   790
       Chain mail        |       |       |       |       |   213 ||   213
Dodge: Dodged            |    44 |    41 |    78 |   154 |   188 ||   505
Block: Buckler           |       |       |     7 |   117 |    52 ||   176
       Shield            |       |       |       |       |   392 ||   392
       Rpst.: Scimitar   |       |       |       |     1 |     3 ||     4
